 Dungeon Crawl Stone Soup version 0.31.0-9-g3a7656b989 (webtiles) character file.

Game seed: 4667893404884909318

17 qw the Shooter (level 2, -1/16 HPs)
             Began as a Deep Elf Hunter on Feb 2, 2024.
             Succumbed to their own poison gas
             ... on level 1 of the Dungeon.
             The game lasted 00:00:01 (816 turns).

qw the Shooter (Deep Elf Hunter)                     Turns: 816, Time: 00:00:02

Health: -1/16      AC:  8    Str:  8    XL:     2   Next: 44%
Magic:  4/4        EV:  8    Int: 13    God:
Gold:   50         SH:  0    Dex: 18    Spells: 1/1 levels left

rFire   + . .        a - +0 shortbow
rCold   . . .        (shield currently unavailable)
rNeg    . . .        e - +0 scale mail
rPois   .            f - +1 helmet
rElec   .            (no cloak)
rCorr   +            (no gloves)
SInv    .            (no boots)
Will    .....        (no amulet)
Stlth   +            h - ring of protection from fire
HPRegen 0.22/turn    l - ring of resist corrosion
MPRegen 0.09/turn

%: no passive effects
@: lethally poisoned (-1 -> -10)
A: no striking features
a: no special abilities


You were on level 1 of the Dungeon.
You visited 1 branch of the dungeon, and saw 1 of its levels.

You collected 50 gold pieces.


   Skills:
 - Level 1.5 Fighting
 + Level 6.2 Ranged Weapons
 - Level 2.4 Dodging
 - Level 1.2 Stealth


You had one spell level left.
You didn't know any spells.
Your spell library was empty.

Inventory:

Hand Weapons
 a - a +0 shortbow (weapon)
Armour
 e - a +0 scale mail (worn)
 f - a +1 helmet (worn)
Jewellery
 h - a ring of protection from fire (left hand)
 l - a ring of resist corrosion (right hand)
Scrolls
 g - 2 scrolls of teleportation
Potions
 j - a potion of heal wounds
 k - a potion of haste {unknown}
 n - a potion of curing {unknown}

Dungeon Overview and Level Annotations

Branches:
Dungeon (1/15)

Altars:


Message History

Your ball python is poisoned.
Your ball python is engulfed in poison gas.
Your ball python is poisoned.
Your bat is engulfed in poison gas.
Your bat looks even sicker.
You kill your bat!
Your bat's corpse dissolves into shadows!
Done exploring.
812 ||| DROPPING scroll of poison.
You drop a scroll of poison.
You kill your ball python!
Your ball python's corpse dissolves into shadows!
Your ball python looks even sicker.
Done exploring.
What level of the Dungeon? (default 1, ? - help) Sorry, I don't know how to get there.
Enter note:
Enter note:
Enter note:
Enter note:
Enter note:
Enter note:
Enter note:
Enter note:
Enter note:
Enter note:
Enter note:
Enter note: You are engulfed in poison gas.
You are lethally poisoned!
You feel very sick.
You kill your ball python!
Your ball python's corpse dissolves into shadows!
814 ||| Stepping ~*~*~tactically~*~*~ (cloud).
You feel very sick.
Things that are here:
a scroll of poison; a scroll of butterflies
There is a lethal amount of poison in your body!
You feel very sick.
There is a lethal amount of poison in your body!
You die...

#########.# #..........
#.######### ####### #.# #..
#.....# #.# #.# #####.....##
#.#######.# ....'......#
#######¤##......#
..###......######¤¤¤¤¤¤0......#.#
#.........¤0¤¤¤0@¤¤0¤¤¤¤.77......
#######...0######¤#¤¤¤¤0PP77P.P.#
########.### #0#.###¤.7777...#
.......#.# #0#.###.P..77P..#
..###....########¤#........7P.###
#.# #..#.........0#......(...##
#.###..#.#######.¤##.........####
#..##....# #..##.........##..
......#### #..##.........##.#


There were no monsters in sight!

Vanquished Creatures
  A dart slug (D:1)
  A ball python (D:1)
  4 bats (D:1)
  2 endoplasms (D:1)
  A goblin (D:1)
  A hobgoblin (D:1)
  A kobold (D:1)
  A quokka (D:1)
  A rat (D:1)
13 creatures vanquished.

Notes
Turn   | Place    | Note
-------+----------+-------------------------------------------
     0 | D:1      | qw the Deep Elf Hunter began the quest for the Orb.
     0 | D:1      | Reached XP level 1. HP: 12/12 MP: 3/3
     0 | D:1      | 0 ||| qw: Version: 0.3-a-155-g5e7d8dd
     0 | D:1      | 0 ||| qw: Game counter: 55
     0 | D:1      | 0 ||| qw: Melee chars always use a shield: true
     0 | D:1      | 0 ||| qw: God list: Okawaru
     0 | D:1      | 0 ||| qw: Allow faded altars: false
     0 | D:1      | 0 ||| qw: Do Orc after clearing Dungeon:15 true
     0 | D:1      | 0 ||| qw: Do second Lair branch before Depths: true
     0 | D:1      | 0 ||| qw: Lair rune preference: random
     0 | D:1      | 0 ||| qw: Goals: Normal
     0 | D:1      | 0 ||| PLANNING D:1-11
   306 | D:1      | Reached skill level 6 in Ranged Weapons
   306 | D:1      | Reached XP level 2. HP: 16/16 MP: 4/4
   786 | D:1      | 786 ||| UPGRADING to +0 scale mail.
   796 | D:1      | 796 ||| DROPPING +0 leather armour.
   797 | D:1      | 797 ||| UPGRADING to +1 helmet.
   802 | D:1      | 802 ||| UPGRADING to ring of protection from fire.
   803 | D:1      | 803 ||| UPGRADING to ring of resist corrosion.
   804 | D:1      | 804 ||| READING scroll labelled UFEASUASAQ.
   805 | D:1      | 805 ||| READING 3 scrolls labelled JAUSIST ME AVI.
   808 | D:1      | 808 ||| READING scroll labelled XUCAOH PIMNI.
   808 | D:1      | 808 ||| IDENTIFYING green potion
   809 | D:1      | 809 ||| READING 2 scrolls labelled EFAACVI UBUL.
   810 | D:1      | 810 ||| READING scroll labelled DASCHA ICZAC.
   811 | D:1      | 811 ||| DROPPING scroll of butterflies.
   812 | D:1      | 812 ||| DROPPING scroll of poison.
   814 | D:1      | 814 ||| Stepping ~*~*~tactically~*~*~ (cloud).
   814 | D:1      | HP: 4/16 [poisoned by you (poison gas)]
   815 | D:1      | HP: 1/16 [poisoned by you (poison gas)]
   816 | D:1      | Succumbed to their own poison gas

Levels and vault maps discovered:
D:1:      nzn_arrival_water_spiral, layout_basic, serial_forest,
          infiniplex_forest_clump_medium, infiniplex_forest_straight_5,
          infiniplex_forest_lined_room_3, infiniplex_forest_corner_1,
          infiniplex_forest_clump_tiny

Skill      XL: |  1 |
---------------+----+-----
Ranged Weapons | 6 |  6.2
Fighting       | |  1.5
Dodging        | |  2.4
Stealth        | |  1.2

Action                     || total
---------------------------++-------
   Fire: Shortbow          ||    31
    Use: Scroll            ||     5
 Armour: Leather armour    ||     6
  Dodge: Dodged            ||     8

Table legend:
 A = Non-vault XP
 B = Vault XP
 C = Vault XP percentage of total XP
 D = Non-vault monster count
 E = Vault monster count
 F = Vault count percentage of total count
                 A         B        C        D         E       F
            +---------+---------+-------+---------+---------+-------
      Total |      25 |       0 |   0.0 |      13 |       0 |   0.0
            +---------+---------+-------+---------+---------+-------
        D:1 |      25 |       0 |   0.0 |      13 |       0 |   0.0
            +---------+---------+-------+---------+---------+-------
